 Dungeon Crawl Stone Soup version 0.27.1-33-g824d729ab1 (webtiles) character file.

Game seed: 8951519568193217302

37 alasdair19 the Skirmisher (level 3, 0/31 HPs)
             Began as a Palentonga Fighter on Dec 11, 2021.
             Slain by an orc (4 damage)
             ... on level 3 of the Dungeon.
             The game lasted 00:02:18 (1249 turns).

alasdair19 the Skirmisher (Palentonga Fighter)      Turns: 1249, Time: 00:02:18

Health: 0/31       AC:  6    Str: 20    XL:     3   Next: 21%
Magic:  3/3        EV:  5    Int:  8    God:
Gold:   50         SH:  8    Dex:  9    Spells: 2/2 levels left

rFire    . . .     SeeInvis +   a - +0 long sword
rCold    . . .     Faith    .   c - +0 kite shield
rNeg     . . .     Spirit   .   b - +0 scale mail
rPois    .         Reflect  .   (no helmet)
rElec    .         Harm     .   (no cloak)
rCorr    .         Rampage  .   (no gloves)
Will     .....                  (no barding)
Stlth    ..........             (no amulet)
HPRegen  0.10/turn              (no ring)
MPRegen  0.08/turn              (no ring)

@: no status effects
A: large, rugged brown scales 3, see invisible, deformed body, roll 1, armoured
tail
a: Rolling Charge


You were on level 3 of the Dungeon.
You visited 1 branch of the dungeon, and saw 3 of its levels.

You collected 50 gold pieces.

Inventory:

Hand Weapons
 a - a +0 long sword (weapon)
Armour
 b - a +0 scale mail (worn)
 c - a +0 kite shield (worn)
 h - a +0 chain mail
Scrolls
 e - 2 scrolls of identify {unknown}
 f - 3 scrolls of amnesia {unknown}
 g - a scroll of magic mapping {unknown}
 i - a scroll of blinking {unknown}
Potions
 d - a potion of might
 j - a potion of mutation {unknown}


   Skills:
 + Level 3.2 Fighting
 + Level 2.5 Long Blades
 + Level 2.8 Armour
 + Level 2.8 Shields


You had 2 spell levels left.
You didn't know any spells.
Your spell library contained the following spells:

 Spells                   Type           Power      Damage    Failure   Level
 Sting                    Tmut/Pois      0%         1d3       99%         1


Dungeon Overview and Level Annotations

Branches:
Dungeon (3/15)

Altars:
Yredelemnul


Innate Abilities, Weirdness & Mutations

You are completely covered in rugged brown scales. (AC +3, +7% HP)
You have supernaturally acute eyesight. (SInv)
Armour fits poorly on your strangely shaped body.
You can roll at nearby foes to attack.
You have a long armoured tail.


Message History

You block the jackal's attack.
You barely miss the jackal.
Your tail-slap misses the jackal.
The jackal bites you but does no damage.
The jackal bites you.
You closely miss the jackal. The jackal bites you.
The jackal barely misses you.
You slash the jackal!
You kill the jackal!
The bat hits you but does no damage.
The jackal bites you but does no damage.
You hit the jackal.
The jackal is almost dead.
The jackal bites you but does no damage. x2
You slash the jackal!
You kill the jackal!
The bat closely misses you. You block the bat's attack.
The bat hits you but does no damage.
You hit the bat.
You kill the bat!
An orc comes into view. It is wielding a +0 morningstar.
There is a stone staircase leading down here.
You barely miss the orc. The orc hits you with a +0 morningstar!
You hit the orc but do no damage. The orc barely misses you.
You block the orc's attack.
You completely miss the orc. You block the orc's attack.
You hit the orc.
The orc is heavily wounded.
An orc comes into view. It is wielding a +0 whip.
The orc hits you with a +0 morningstar. The orc hits you with a +0 morningstar!
* * * LOW HITPOINT WARNING * * *
The orc shouts!
You hit the orc.
You kill the orc!
You hear a shout!
An orc priest comes into view. It is wielding a +0 club.
You block the orc's attack.
Things that are here:
a +0 morningstar; a +0 scale mail; an orc corpse You barely miss the orc.
The orc hits you with a +0 whip.
You die...

##### # #...
##.###.#########
#.oo@>......<..#
##.###.######.#.#
# #... ## #.###
#.# #.# #.# #.#


You could see an orc priest and an orc.

Vanquished Creatures
  An adder (D:2)
  An orc (D:3)
  2 endoplasms (D:2)
  A giant cockroach (D:2)
  2 goblins (D:2)
  3 jackals (D:3)
  2 quokkas
  2 ball pythons (D:2)
  3 bats
  2 frilled lizards
  5 kobolds
  2 rats (D:2)
26 creatures vanquished.

Notes
Turn   | Place    | Note
-------+----------+-------------------------------------------
     0 | D:1      | alasdair19 the Palentonga Fighter began the quest for the
                  | Orb.
     0 | D:1      | Reached XP level 1. HP: 19/19 MP: 1/1
   168 | D:1      | You fall into a shaft and drop 1 floor!
   314 | D:2      | Found a basalt altar of Yredelemnul.
   412 | D:2      | Reached XP level 2. HP: 25/25 MP: 2/2
   513 | D:2      | Found a faded altar of an unknown god.
   537 | D:2      | Got Plato's Incunabulum of Contamination
   763 | D:2      | Reached XP level 3. HP: 31/31 MP: 3/3
  1249 | D:3      | Slain by an orc

Illustrated notes

Levels and vault maps discovered:
D:1:      scummos_arrival_simple_crosswalls, layout_rooms
D:2:      layout_basic, shapermc_ecumenical_altar_rom_forum, basic_altar
D:3:      layout_loops_ring, serial_shops, shop_fountains, item_on_display_a,
          uniq_grinder

Action                   || total
-------------------------++-------
Melee: Long sword        ||    65
       Tailslap          ||     5
Armor: Scale mail        ||    31
Dodge: Dodged            ||    21
Block: Kite shield       ||    39
       Rpst.: Long sword ||     5
